Map: 시뮬레이크럼 - 래더

Players

DPGPartinG (PartinG)

  • Race: Protoss Protoss
  • League: Grandmaster
  • Spawn Location: 5:00

Impact - Winner!

  • Race: Zerg Zerg
  • League: Grandmaster
  • Spawn Location: 11:00

VOD

Have the link to the VOD?

Description

Time

  • Played on: Jan. 16, 2020, 5:46 a.m.
  • Length: 9:00
Show
View Real Time Build Order
Export as new Build Order

DPGPartinG Protoss 

Build Orders:  

Get SALT Encoding   

  12  0:00  Probe  
  13  0:13  Probe  
  14  0:17  Pylon  
  14  0:25  Probe (Chrono Boost)  
  15  0:36  Gateway  
  15  0:37  Probe (Chrono Boost)  
  16  0:45  Probe (Chrono Boost)  
  16  0:46  Assimilator  
  17  0:51  Probe  
  18  1:00  Forge  
  18  1:03  Probe  
  19  1:15  Probe  
  20  1:19  Pylon  
  20  1:27  Cybernetics Core  
  20  1:30  Probe  
  21  1:39  Photon Cannon  
  21  1:41  Assimilator  
  21  1:49  Pylon  
  21  2:08  Photon Cannon  
  21  2:09  Robotics Facility  
  21  2:17  Photon Cannon  
  21  2:38  Shield Battery  
  21  2:39  Shield Battery  
  21  2:50  Photon Cannon  
  21  2:55  Immortal (Chrono Boost)  
  25  3:05  Probe, Warp Gate  
  26  3:15  Shield Battery  
  26  3:28  Warp Prism (Chrono Boost)  
  28  3:37  Pylon  
  28  3:42  Assimilator  
  28  3:58  Immortal (Chrono Boost)  
  32  4:07  Shield Battery  
  32  4:19  Pylon  
  32  4:20  Shield Battery  
  32  4:25  Shield Battery  
  32  4:40  Shield Battery  
  32  4:44  Shield Battery  
  32  4:45  Shield Battery  
  32  4:50  Photon Cannon  
  33  4:56  Sentry  
  34  5:09  Shield Battery  
  34  5:12  Shield Battery  
  34  5:16  Immortal (Chrono Boost)  
  38  5:27  Shield Battery  
  38  5:32  Shield Battery  
  38  5:45  Adept  
  40  5:56  Immortal  
  44  6:13  Stargate  
  44  6:16  Stalker  
  46  6:28  Gateway  
  44  6:43  Stalker  
  44  6:46  Shield Battery  
  44  7:03  Phoenix (Chrono Boost)  
  38  7:19  Stalker  
  40  7:28  Phoenix (Chrono Boost)  
  42  7:43  Shield Battery  
  42  7:44  Probe  
  34  8:06  Phoenix (Chrono Boost)  
  34  8:11  Probe  
  31  8:23  Probe  
  32  8:30  Phoenix (Chrono Boost)  
Show
View Real Time Build Order
Export as new Build Order

Impact Zerg - Winner!

Build Orders: Hatch First 

Get SALT Encoding   

  12  0:00  Drone  
  13  0:13  Overlord  
  13  0:16  Drone  
  14  0:31  Drone x2  
  16  0:48  Hatchery  
  15  0:51  Drone  
  15  0:55  Drone  
  17  0:59  Drone  
  18  1:11  Extractor  
  17  1:14  Spawning Pool  
  17  1:17  Drone  
  17  1:20  Drone  
  18  1:28  Drone  
  19  1:39  Drone  
  20  1:49  Hatchery  
  19  1:58  Drone  
  20  2:02  Queen  
  20  2:05  Zergling x2  
  23  2:10  Drone  
  23  2:13  Queen  
  27  2:16  Overlord  
  27  2:20  Drone  
  27  2:22  Metabolic Boost  
  28  2:28  Overlord  
  28  2:40  Queen  
  30  2:45  Drone x3  
  33  2:51  Queen  
  33  2:58  Drone x2  
  37  3:06  Zergling x6  
  37  3:09  Zergling x2  
  41  3:16  Queen  
  43  3:24  Overlord  
  43  3:27  Lair  
  43  3:29  Drone  
  43  3:32  Extractor  
  43  3:33  Drone  
  43  3:40  Spore Crawler  
  42  3:41  Drone  
  42  3:44  Zergling x6  
  44  3:52  Drone x2  
  44  3:53  Queen  
  48  4:00  Drone  
  49  4:02  Extractor  
  49  4:04  Drone  
  49  4:09  Zergling x2  
  50  4:14  Drone  
  51  4:20  Overlord  
  51  4:22  Overlord  
  51  4:25  Spire  
  51  4:29  Queen  
  52  4:38  Queen  
  52  4:39  Drone  
  52  4:40  Drone  
  56  4:50  Overlord x2  
  56  4:57  Zergling x2  
  57  5:01  Zergling x2  
  56  5:07  Queen  
  56  5:14  Queen  
  56  5:16  Zergling x6, Overlord  
  60  5:26  Overlord  
  60  5:27  Overlord  
  57  5:36  Mutalisk  
  57  5:40  Mutalisk  
  61  5:45  Overseer, Queen  
  61  5:46  Mutalisk  
  65  5:50  Mutalisk  
  65  5:54  Mutalisk  
  69  5:59  Mutalisk  
  67  6:04  Mutalisk  
  67  6:11  Mutalisk  
  65  6:21  Zergling x2  
  64  6:28  Mutalisk  
  64  6:30  Mutalisk  
  65  6:34  Zergling x2  
  65  6:35  Zergling x4  
  65  6:38  Zergling x2  
  68  6:44  Zergling x2  
  69  6:48  Mutalisk  
  68  6:55  Zergling x2  
  68  7:00  Queen  
  71  7:03  Zergling x2  
  71  7:06  Zergling x2  
  70  7:11  Mutalisk  
  64  7:37  Hatchery, Mutalisk  
  64  7:39  Queen  
  67  7:44  Zergling x4  
  69  7:54  Mutalisk  
  67  8:07  Drone  
  67  8:12  Drone x2  
  69  8:13  Drone  
  69  8:19  Drone  
  71  8:24  Spawning Pool  
  70  8:27  Corruptor  
  73  8:55  Extractor x2  
Tags
 
Add a new tag
Caveats
  • Supply blocks, unpowered buildings, or Contaminate may cause inaccurate times.
  • Supply counts are checked every 10 seconds.